 Dungeon Crawl Stone Soup version 0.24.0-28-g17ded55e90 (webtiles) character file.

Game seed: 2323030277651584746, levelgen mode: deterministic

406 Delamore the Cleaver (level 6, -2/51 HPs)
             Began as a Hill Orc Fighter on Nov 13, 2019.
             Slain by an ogre
             ... wielding a +0 giant club
              (20 damage)
             ... on level 4 of the Dungeon.
             The game lasted 00:03:20 (2935 turns).

Delamore the Cleaver (Hill Orc Fighter)             Turns: 2935, Time: 00:03:21

Health: -2/51      AC: 12    Str: 21    XL:     6   Next: 87%
Magic:  6/6        EV:  7    Int:  8    God:
Gold:   127        SH:  9    Dex: 10    Spells: 5/5 levels left

rFire    . . .     SeeInvis .   a - +0 war axe
rCold    . . .     Gourm    .   c - +0 shield
rNeg     . . .     Faith    .   b - +0 scale mail
rPois    .         Spirit   .   l - +0 helmet
rElec    .         Reflect  .   h - +2 cloak
rCorr    .         Harm     .   (no gloves)
MR       .....                  m - +0 pair of boots
Stlth    ..........             (no amulet)
HPRegen  0.17/turn              (no ring)
MPRegen  0.10/turn              (no ring)

@: no status effects
A: no striking features
a: no special abilities


You were on level 4 of the Dungeon.
You were not hungry.

You visited 1 branch of the dungeon, and saw 4 of its levels.

You collected 127 gold pieces.

Inventory:

Hand Weapons
 a - a +0 war axe (weapon)
Armour
 b - a +0 scale mail (worn)
 c - a +0 shield (worn)
 h - a +2 cloak (worn)
 l - a +0 helmet (worn)
 m - a +0 pair of boots (worn)
Wands
 r - a wand of random effects (26)
Scrolls
 e - 3 scrolls of amnesia
 j - a scroll of identify
 k - a scroll of immolation {unknown}
 o - a scroll of remove curse
 q - a scroll of enchant armour
Potions
 d - a potion of might
 g - a potion of lignification {unknown}
 i - 2 potions of brilliance
 s - a potion of agility {unknown}
Comestibles
 f - 6 rations


   Skills:
 - Level 3.6 Fighting
 + Level 9.3 Axes
 - Level 3.2 Armour
 - Level 3.2 Shields


You had 5 spell levels left.
You didn't know any spells.
Your spell library contained the following spells:

 Spells                   Type           Power        Failure   Level  Hunger
 Summon Small Mammal      Summ           #...         99%         1    ##.....
 Call Imp                 Summ           #.......     100%        2    ###....
 Call Canine Familiar     Summ           #.......     100%        3    ####...
 Summon Guardian Golem    Hex/Summ       #.......     100%        3    ####...
 Summon Ice Beast         Ice/Summ       #.......     100%        4    #####..
 Summon Lightning Spire   Summ/Air       #.......     100%        4    #####..


Dungeon Overview and Level Annotations

Branches:
Dungeon (4/15)
 Temple: D:4-7

Altars:


Message History

You block the goblin's attack.
You are too injured to fight recklessly!
You are too injured to fight recklessly!
You are too injured to fight recklessly!
You are too injured to fight recklessly!
You are too injured to fight recklessly!
You are too injured to fight recklessly!
You are too injured to fight recklessly!
Unknown command.
You feel much better. The ogre hits you but does no damage.
The goblin barely misses you.
You hit the ogre but do no damage.
The ogre is moderately wounded.
You slash the goblin!
You kill the goblin!
The ogre hits you with a +0 giant club!!
You slash the ogre!
The ogre is severely wounded.
The ogre hits you with a +0 giant club!!
You die...

####..#..#
#..#..#
#..#..#
..###..#..##.#
............#
.###..#.#####.
g #...........


hg. #)##.#####.. #..#######@##..< #<...)...O?###### ##.######### You could see
an ogre.

Vanquished Creatures
  An ogre (D:3)
  A scorpion (D:4)
  A howler monkey (D:4)
  A bullfrog skeleton (D:4)
  An orc wizard (D:3)
  Robin (D:4)
  3 gnolls (D:3)
  4 adders
  An ooze (D:1)
  2 worms
  A dart slug (D:2)
  3 leopard geckos
  8 orcs (D:3)
  A ball python (D:3)
  2 giant cockroaches (D:2)
  9 hobgoblins
  3 jackals (D:3)
  A quokka (D:3)
  9 bats
  A frilled lizard (D:3)
  16 goblins
  7 kobolds
  13 rats
90 creatures vanquished.

Vanquished Creatures (others)
  5 toadstools (D:1)
5 creatures vanquished.

Grand Total: 95 creatures vanquished

Notes
Turn   | Place    | Note
-------+----------+-------------------------------------------
     0 | D:1      | Delamore the Hill Orc Fighter began the quest for the Orb.
     0 | D:1      | Reached XP level 1. HP: 19/19 MP: 1/1
    54 | D:1      | Reached skill level 3 in Axes
   265 | D:1      | Reached XP level 2. HP: 26/26 MP: 2/2
   352 | D:1      | Reached skill level 4 in Axes
   938 | D:2      | Reached XP level 3. HP: 31/31 MP: 3/3
  1008 | D:2      | Reached skill level 5 in Axes
  1914 | D:3      | Reached XP level 4. HP: 39/39 MP: 4/4
  2129 | D:3      | Reached skill level 6 in Axes
  2283 | D:3      | Reached XP level 5. HP: 43/45 MP: 5/5
  2471 | D:3      | Noticed an ogre
  2480 | D:3      | Killed an ogre
  2480 | D:3      | Reached skill level 7 in Axes
  2540 | D:3      | Reached skill level 8 in Axes
  2540 | D:3      | Reached XP level 6. HP: 40/51 MP: 6/6
  2889 | D:4      | Reached skill level 9 in Axes
  2899 | D:4      | Noticed Robin
  2923 | D:4      | Killed Robin
  2935 | D:4      | Slain by an ogre

Levels and vault maps discovered:
D:1:      ldierk_walled_garden, layout_basic
D:2:      layout_basic, first_ration, serial_corexii_hall,
          corexii_hall_statues_s, corexii_hall_statues_s
D:3:      layout_basic
D:4:      layout_loops_ring, uniq_robin

Skill      XL: |  1  2  3  4  5  6 |
---------------+-------------------+-----
Axes           | 3 4 5 6 8 9 |  9.3
Fighting       | |  3.6
Armour         | |  3.2
Shields        | |  3.2

Action                   |  1- 3 |  4- 6 || total
-------------------------+-------+-------++-------
Melee: War axe           |   145 |   160 ||   305
  Use: Scroll            |       |     4 ||     4
       Potion            |       |     1 ||     1
  Eat: Chunk             |     3 |     4 ||     7
Armor: Scale mail        |    71 |    71 ||   142
Dodge: Dodged            |    46 |    37 ||    83
Block: Shield            |    71 |    89 ||   160
